 Dungeon Crawl Stone Soup version 0.18.1-5-g4a78601 (webtiles) character file.

4103 Gottschkopf the Thaumaturge (level 10, -6/50 HPs)
             Began as a Deep Elf Conjurer on May 14, 2016.
             Was a Follower of Vehumet.
             Mangled by a skeletal warrior
             ... wielding a +0 short sword
              (15 damage)
             ... on level 9 of the Dungeon.
             The game lasted 00:31:37 (7824 turns).

Gottschkopf the Thaumaturge (Deep Elf Conjurer)     Turns: 7824, Time: 00:31:37

Health: -6/50      AC:  6    Str:  3    XL:     10   Next: 6%
Magic:  1/28       EV: 15    Int: 24    God:    Vehumet [*.....]
Gold:   459        SH:  0    Dex: 15    Spells: 5 memorised, 17 levels left

rFire  . . .     SeeInvis .     h - +2 short sword (distort)
rCold  . . .     Gourm    .     v - +0 robe (curse)
rNeg   . . .     Faith    .     (no shield)
rPois  .         Spirit   .     N - +0 helmet
rElec  .         Dismiss  .     y - +0 cloak
rCorr  .         Reflect  .     A - +0 pair of gloves
SustAt .         Harm     .     I - +0 pair of boots
MR     +....     Rnd*Rage +     (no amulet)
Stlth  ++........               (no ring)
                                (no ring)

@: somewhat resistant to hostile enchantments, unstealthy
A: repulsion field 1, berserk 1, weak 1
a: Renounce Religion


You were on level 9 of the Dungeon.
You worshipped Vehumet.
Vehumet was aware of your devotion.
You were hungry.

You visited 2 branches of the dungeon, and saw 10 of its levels.
You also visited: Sewer.

You collected 459 gold pieces.

Inventory:

Hand Weapons
 h - a +2 short sword of distortion (weapon)
 G - the cursed +3 spear of Calamity {drain, Int+4, unknown}
   (You found it in a sewer)

   A truly terrible weapon, it drains the life of those it strikes.
   It affects your intelligence (+4).
   It has a curse placed upon it.
Armour
 v - a cursed +0 robe (worn)
 y - a +0 cloak (worn)
 A - a +0 pair of gloves (worn)
 B - a troll hide
 I - a +0 pair of boots (worn)
 N - a +0 helmet (worn)
Jewellery
 j - an uncursed ring of see invisible {unknown}
 n - a +6 ring of intelligence {unknown}
 p - a +1 ring of protection {unknown}
 q - an uncursed ring of ice {unknown}
 H - an uncursed ring of stealth {unknown}
Wands
 a - a wand of polymorph (11/24)
 o - a wand of lightning (1/15)
 s - a wand of iceblast (7/15)
 t - a wand of flame (29/48)
 z - a wand of random effects (29/48)
 P - a wand of flame (20/48)
Scrolls
 e - 2 scrolls of amnesia {unknown}
 f - 6 scrolls of identify {unknown}
 i - 2 scrolls of immolation {unknown}
 r - a scroll of teleportation {unknown}
 w - 2 scrolls of remove curse {unknown}
 C - 3 scrolls of noise {unknown}
 F - 2 scrolls of enchant armour {unknown}
 K - a scroll of silence {unknown}
Potions
 d - 7 potions of curing {unknown}
 l - 5 potions of heal wounds {unknown}
 m - 2 potions of magic {unknown}
 u - 2 potions of brilliance {unknown}
 D - 3 potions of agility {unknown}
 E - a potion of might {unknown}
 M - a potion of degeneration {unknown}
 O - a potion of lignification {unknown}
Books
 b - a book of Conjurations

   Spells                             Type                      Level
   a - Magic Dart                     Conjuration                  1
   b - Searing Ray                    Conjuration                  2
   c - Dazzling Spray                 Conjuration/Hexes            3
   d - Fulminant Prism                Conjuration/Hexes            4
   e - Iskenderun's Mystic Blast      Conjuration                  4
   f - Iskenderun's Battlesphere      Conjuration/Charms           5
 x - a book of Alchemy

   Spells                             Type                      Level
   a - Sublimation of Blood           Necromancy                   2
   b - Ignite Poison                  Fire/Transmutation/Poison    3
   c - Petrify                        Transmutation/Earth          4
   d - Alistair's Intoxication        Transmutation/Poison         5
   e - Irradiate                      Conjuration/Transmutation    5
Comestibles
 c - 4 bread rations
 g - 5 slices of pizza
 k - a royal jelly
 J - 3 chunks of flesh
 L - 2 beef jerkies


   Skills:
 - Level 2.4 Dodging
 - Level 2.4 Stealth
 - Level 12.1 Spellcasting
 + Level 11.2 Conjurations
 - Level 4.5 Hexes
 - Level 6.4 Charms


You had 17 spell levels left.
You knew the following spells:

 Your Spells              Type           Power        Failure   Level  Hunger
a - Magic Dart            Conj           ####         1%          1    None
b - Searing Ray           Conj           ######       1%          2    None
c - Fulminant Prism       Conj/Hex       ######....   1%          4    None
d - Iskenderun's Mystic   Conj           ######..     1%          4    None
e - Iskenderun's Battles  Conj/Chrm      ######..     3%          5    ###....


Dungeon Overview and Level Annotations

Branches:
Dungeon (9/15)             Temple (1/1) D:7
   Lair: D:8-11         Orc: D:9-12

Altars:
Cheibriados
Dithmenos
Elyvilon
Gozag
Kikubaaqudgha
Nemelex Xobeh
Okawaru
Pakellas
Qazlal
Ru
Sif Muna
Trog
Vehumet
Xom
Zin

Shops:
D:5 (


Innate Abilities, Weirdness & Mutations

You are surrounded by a mild repulsion field (EV +2).
You tend to lose your temper in combat.
You are weak. (Str -2)


Message History

Aim: a skeletal warrior, wielding a short sword (heavily damaged)
The searing ray misses the skeletal warrior.
Your battlesphere fires!
The barrage of energy hits the skeletal warrior.
The skeletal warrior is heavily damaged.
The skeletal warrior hits you with a short sword!
The searing ray hits the skeletal warrior.
The skeletal warrior is heavily damaged.
Your battlesphere fires!
The barrage of energy hits the skeletal warrior.
The skeletal warrior is severely damaged.
The skeletal warrior hits you with a short sword!
* * * LOW HITPOINT WARNING * * *
The searing ray hits the skeletal warrior.
The skeletal warrior is severely damaged.
Your battlesphere fires!
The barrage of energy hits the skeletal warrior.
The skeletal warrior is severely damaged.
The skeletal warrior hits you with a short sword!
You die...

#.
####.####
#.......#
#.......#
#........
#...>*..#
#.......#
#......@#
#.....z.#
#.......#
#########


You could see a skeletal warrior and a friendly battlesphere.

Vanquished Creatures
  A troll (D:6)
  Grinder (D:5)
  A hungry ghost (D:7)
  3 wargs (D:8)
  Duvessa (D:5)
  2 orc warriors
  2 ice beasts
  2 sky beasts
  A black bear (D:7)
  2 phantoms (D:4)
  5 ogres
  4 centaurs
  Blork the orc (D:4)
  A big kobold (Sewer)
  2 giant frogs
  Dowan (D:5)
  A scorpion (D:8)
  4 crimson imps
  2 giant frog zombies
  7 hounds
  A jelly (D:6)
  2 orc priests (D:6)
  Crazy Yiuf (D:4)
  5 orc wizards
  3 iguanas
  5 worker ants
  A killer bee zombie (D:7)
  3 gnolls (D:6)
  A howler monkey skeleton (D:6)
  6 river rats
  12 adders
  2 shadow imps
  An adder zombie (D:6)
  2 worms
  A dart slug (D:5)
  2 giant geckos
  17 orcs
  8 giant cockroaches
  6 goblins
  5 hobgoblins
  4 jackals (D:7)
  4 quokkas
  6 ball pythons
  A bat (D:1)
  2 giant gecko skeletons
  5 giant newts
  24 kobolds
  29 rats
  A fungus (D:4)
204 creatures vanquished.

Vanquished Creatures (others)
  A giant frog skeleton (D:7)
  3 gnolls (D:7)
  10 fulminant prisms
14 creatures vanquished.

Grand Total: 218 creatures vanquished

Notes
Turn   | Place    | Note
--------------------------------------------------------------
     0 | D:1      | Gottschkopf the Deep Elf Conjurer began the quest for the Orb.
     0 | D:1      | Reached XP level 1. HP: 10/10 MP: 6/6
   133 | D:1      | Reached XP level 2. HP: 15/15 MP: 5/8
   139 | D:1      | Learned a level 2 spell: Searing Ray
   203 | D:1      | Reached skill level 5 in Conjurations
   891 | D:2      | Found an oddly glowing altar of Pakellas.
  1233 | D:2      | Reached XP level 3. HP: 19/19 MP: 2/9
  1415 | D:2      | Found a shadowy altar of Dithmenos.
  1844 | D:3      | Found a faded altar to an unknown god.
  2126 | D:4      | Found a sacrificial altar of Ru.
  2141 | D:4      | Reached XP level 4. HP: 24/24 MP: 4/10
  2150 | D:4      | Learned a level 4 spell: Fulminant Prism
  2299 | D:4      | Noticed a phantom
  2305 | D:4      | Killed a phantom
  2305 | D:4      | Reached XP level 5. HP: 28/28 MP: 1/11
  2414 | D:4      | Reached skill level 4 in Spellcasting
  2423 | D:4      | Learned a level 4 spell: Iskenderun's Mystic Blast
  2428 | D:4      | Noticed Blork the orc
  2500 | D:4      | Noticed an ogre
  2614 | D:4      | Killed an ogre
  2614 | D:4      | Reached skill level 5 in Spellcasting
  2614 | D:4      | Reached XP level 6. HP: 32/32 MP: 7/15
  2677 | D:5      | Entered Level 5 of the Dungeon
  2677 | D:5      | Noticed Grinder
  2844 | D:4      | Reached skill level 6 in Spellcasting
  2851 | D:4      | Learned a level 5 spell: Iskenderun's Battlesphere
  3106 | D:4      | Killed Blork the orc
  3106 | D:4      | Reached XP level 7. HP: 36/36 MP: 0/19
  3485 | D:4      | Found an opulent altar of Gozag.
  3486 | D:4      | Found a glowing silver altar of Zin.
  3774 | D:4      | Noticed Crazy Yiuf
  3787 | D:4      | Killed Crazy Yiuf
  3892 | D:5      | Killed Grinder
  3898 | D:5      | Reached skill level 7 in Spellcasting
  4008 | D:5      | Found a sparkling altar of Nemelex Xobeh.
  4268 | D:5      | Noticed Duvessa
  4268 | D:5      | Noticed Dowan
  4274 | D:5      | Killed Duvessa
  4274 | D:5      | Reached skill level 8 in Spellcasting
  4274 | D:5      | Reached XP level 8. HP: 40/41 MP: 8/22
  4277 | D:5      | Killed Dowan
  4464 | D:5      | Reached skill level 9 in Spellcasting
  4655 | D:5      | Found Goecriyd's Antique Weapon Emporium.
  4704 | D:6      | Reached skill level 10 in Spellcasting
  4770 | D:6      | Found a shimmering altar of Xom.
  4934 | D:6      | Noticed a troll
  4941 | D:6      | Killed a troll
  4941 | D:6      | Reached skill level 11 in Spellcasting
  5037 | D:6      | Reached skill level 12 in Spellcasting
  5162 | D:6      | Reached XP level 9. HP: 41/45 MP: 23/27
  5191 | D:6      | Found a glowing drain.
  5206 | Sewer    | Entered a sewer
  5601 | Sewer    | Got an ichor-stained spear
  6532 | D:7      | Found a staircase to the Ecumenical Temple.
  6541 | Temple   | Entered the Ecumenical Temple
  6558 | Temple   | Became a worshipper of Vehumet
  7149 | D:7      | Reached * piety under Vehumet
  7149 | D:7      | Offered knowledge of Sandblast by Vehumet.
  7155 | D:7      | Reached skill level 10 in Conjurations
  7473 | D:8      | Gained mutation: You are weak. (Str -2) [mutagenic meat]
  7474 | D:8      | Gained mutation: You tend to lose your temper in combat. [mutagenic meat]
  7475 | D:8      | Gained mutation: You are surrounded by a mild repulsion field (EV +2). [mutagenic meat]
  7506 | D:8      | Reached XP level 10. HP: 50/50 MP: 5/28
  7793 | D:8      | Noticed a skeletal warrior
  7793 | D:8      | Noticed a skeletal warrior
  7793 | D:8      | Noticed a skeletal warrior
  7794 | D:8      | Noticed a skeletal warrior
  7813 | D:8      | Noticed a skeletal warrior
  7824 | D:9      | Mangled by a skeletal warrior

Skill      XL: |  1  2  3  4  5  6  7  8  9 |
---------------+----------------------------+-----
Conjurations   | 5 6 11 | 11.2
Hexes          | 4 |  4.5
Spellcasting   | 5 6 8 12 | 12.1
Charms         | 2 6 |  6.4
Dodging        | |  2.4
Stealth        | |  2.4

Action                   |  1- 3 |  4- 6 |  7- 9 | 10-12 || total
-------------------------+-------+-------+-------+-------++-------
Melee: Dagger            |     2 |       |       |       ||     2
       Short sword       |     7 |    12 |    16 |       ||    35
 Cast: Magic Dart        |    60 |    27 |   238 |     9 ||   334
       Searing Ray       |     2 |     5 |    12 |     3 ||    22
       Fulminant Prism   |       |     3 |     5 |     2 ||    10
       Iskenderun's Myst |       |     7 |     8 |     3 ||    18
       Iskenderun's Batt |       |       |    25 |     3 ||    28
 Stab: Sleeping          |     2 |       |       |       ||     2
  Eat: Chunk             |     4 |     3 |    16 |     1 ||    24
       Meat ration       |       |       |     1 |       ||     1
Armor: Robe              |       |       |    35 |       ||    35
Dodge: Dodged            |     6 |    16 |    67 |     2 ||    91
